 Dungeon Crawl Stone Soup version 0.21.1-1-g345015f (webtiles) character file.

29 Monsterracer the Poker (level 3, 0/29 HPs)
             Began as a Human Fighter on Feb 14, 2018.
             Succumbed to an adder's poison
             ... on level 1 of the Dungeon.
             The game lasted 00:00:47 (684 turns).

Monsterracer the Poker (Human Fighter)               Turns: 684, Time: 00:00:48

Health: 0/29       AC:  6    Str: 16 (17) XL:     3   Next: 32%
Magic:  3/3        EV: 11    Int:  5 (8)  God:
Gold:   41         SH:  9    Dex: 14 (17) Spells: 2/2 levels left

rFire    . . .     SeeInvis .   a - +0 trident
rCold    . . .     Gourm    .   f - +0 shield
rNeg     . . .     Faith    .   b - +0 scale mail
rPois    .         Spirit   .   (no helmet)
rElec    .         Reflect  .   (no cloak)
rCorr    .         Harm     .   (no gloves)
MR       .....                  (no boots)
Stlth    +.........             (no amulet)
HPRegen  0.09/turn              (no ring)
MPRegen  0.08/turn              (no ring)

@: agile, lethally poisoned (0 -> -5)
A: no striking features
a: no special abilities


You were on level 1 of the Dungeon.
You were not hungry.

You visited 1 branch of the dungeon, and saw 2 of its levels.

You collected 41 gold pieces.

Inventory:

Hand Weapons
 a - a +0 trident (weapon)
Armour
 b - a +0 scale mail (worn)
 f - a +0 shield (worn)
Jewellery
 g - a cursed amulet of inaccuracy {unknown}
Scrolls
 e - a scroll of remove curse {unknown}
 i - a scroll of identify {unknown}
Potions
 d - a potion of might
Comestibles
 c - 3 rations


   Skills:
 - Level 3.0 Fighting
 + Level 3.5 Polearms
 - Level 3.0 Armour
 - Level 3.0 Shields


You had 2 spell levels left.
You didn't know any spells.

Dungeon Overview and Level Annotations

Branches:
Dungeon (2/15)

Altars:


Message History

The adder bites you.
You are poisoned.
The adder poisons you! You block the frilled lizard's attack.
The giant cockroach bites you but does no damage.
You climb upwards.
You feel sick.
There is a stone staircase leading down here.
You take 4 damage, and have 18/24 hp.
The adder barely misses you. You block the giant cockroach's attack.
You closely miss the frilled lizard.
You feel sick. The adder closely misses you.
You block the giant cockroach's attack.
The frilled lizard bites you but does no damage.
The adder bites you but does no damage. The giant cockroach bites you.
You block the frilled lizard's attack.
You take 2 damage, and have 16/24 hp.
The frilled lizard bites you but does no damage.
The adder bites you but does no damage.
You feel sick.
The giant cockroach bites you but does no damage.
You take 1 damage, and have 15/24 hp.
The giant cockroach bites you but does no damage.
You block the adder's attack.
You closely miss the adder.
You feel sick. You block the adder's attack. x2
You take 1 damage, and have 14/24 hp.
You miss the adder. You block the adder's attack.
You puncture the adder!
The adder is almost dead.
The adder bites you but does no damage. You block the adder's attack.
Unknown command.
You miss the adder.
The adder is almost dead.
You feel sick. The adder bites you but does no damage.
You block the adder's attack.
You take 1 damage, and have 13/24 hp.
You miss the adder.
The adder is severely wounded.
The adder bites you.
Unknown command.
Your shield and scale mail prevent you from hitting the adder.
The adder is severely wounded.
You block the adder's attack. The adder barely misses you.
You hit the adder.
The adder is almost dead.
You feel sick.
You are no longer poisoned.
The adder bites you.
* * * LOW HITPOINT WARNING * * *
You are poisoned.
The adder poisons you!
You take 4 damage, and have 9/24 hp.
You closely miss the adder.
The adder is almost dead.
You feel sick. The adder bites you.
* * * LOW HITPOINT WARNING * * *
You are more poisoned.
The adder poisons you! The adder bites you but does no damage.
You take 4 damage, and have 5/24 hp.
Unknown command.
You hit the adder.
You kill the adder!
You have reached level 3!
Your experience leads to an increase in your attributes!
Increase (S)trength, (I)ntelligence, or (D)exterity?
You feel stronger.
* * * LOW HITPOINT WARNING * * *
You feel sick.
MP restored: 3 It was a potion of degeneration.
There was something very wrong with that liquid.
You feel weakened.
You feel dopey.
You feel clumsy.
* * * LOW HITPOINT WARNING * * *
You feel sick. You block the frilled lizard's attack.
You take 1 damage, and have 4/29 hp.
It was a potion of magic.
Magic courses through your body. The frilled lizard bites you.
* * * LOW HITPOINT WARNING * * *
You take 1 damage, and have 3/29 hp.
It was a potion of agility.
You feel agile all of a sudden.
* * * LOW HITPOINT WARNING * * *
You feel sick.
The frilled lizard bites you but does no damage.
You take 1 damage, and have 2/29 hp.
Your shield and scale mail prevent you from hitting the frilled lizard.
The frilled lizard bites you but does no damage.
You block the frilled lizard's attack.
You closely miss the frilled lizard.
* * * LOW HITPOINT WARNING * * *
You feel sick. You block the frilled lizard's attack.
You closely miss the frilled lizard.
* * * LOW HITPOINT WARNING * * *
You feel sick.
The giant cockroach waves its antennae.
The frilled lizard misses you.
You take 1 damage, and have 1/29 hp.
You miss the frilled lizard. You block the frilled lizard's attack.
You puncture the frilled lizard!
You kill the frilled lizard!
You block the giant cockroach's attack.
You closely miss the giant cockroach.
You die...

#####.<.######
.............###
...............###
...............+.#
...............#.#
.............###.#
##.........### #.#
###.....### #.#
##.........### #@#
.......(.....###s#
.....≈≈≈.......#.####
...≈≈≈≈≈≈≈.....#....##
#######
..≈≈≈≈≈≈≈≈≈....#....>#
#.....#
################.....#
#.###.#
.....................#
#.# #.#
##....#.############.#
#.##### .#....#.#
#...# #.# #..[..#


You could see a giant cockroach.

Vanquished Creatures
  An adder (D:1)
  A dart slug (D:1)
  A leopard gecko (D:1)
  3 goblins (D:1)
  2 hobgoblins (D:1)
  2 jackals (D:1)
  5 bats (D:1)
  2 frilled lizards (D:1)
  A kobold (D:1)
18 creatures vanquished.

Notes
Turn   | Place    | Note
-------+----------+-------------------------------------------
     0 | D:1      | Monsterracer the Human Fighter began the quest for the Orb.
     0 | D:1      | Reached XP level 1. HP: 18/18 MP: 1/1
   298 | D:1      | Reached XP level 2. HP: 24/24 MP: 2/2
   673 | D:1      | HP: 12/24 [poisoned by an adder]
   674 | D:1      | HP: 5/24 [adder (3)]
   675 | D:1      | Reached XP level 3. HP: 6/29 MP: 3/3
   678 | D:1      | HP: 2/29 [poisoned by an adder]
   684 | D:1      | Succumbed to an adder's poison

Skill      XL: |  1  2 |
---------------+-------+-----
Polearms       | 3 |  3.5
Fighting       | |  3.0
Armour         | |  3.0
Shields        | |  3.0

Action                   || total
-------------------------++-------
Melee: Trident           ||    74
  Use: Potion            ||     3
Armor: Scale mail        ||    44
Dodge: Dodged            ||    18
Block: Shield            ||    36

Vault maps used:
D:1:      nzn_arrival_depleted_hourglass
D:2:      kennysheep_another_room, uniq_robin
